 Dungeon Crawl Stone Soup version 0.30-a0-696-g2367cd04db (webtiles) character file.

Game seed: 980608586125805520

39 funkygono the Firebug (level 3, 0/24 HPs)
             Began as a Demonspawn Fire Elementalist on Jan 20, 2023.
             Slain by Terence
             ... wielding a +0 hand axe
              (4 damage)
             ... on level 2 of the Dungeon.
             The game lasted 00:02:14 (1952 turns).

funkygono the Firebug (DsFE)                        Turns: 1952, Time: 00:02:15

Health: 0/24       AC:  2    Str:  8    XL:     3   Next: 28%
Magic:  1/6        EV: 12    Int: 18    God:
Gold:   95         SH:  4    Dex: 13    Spells: 4/7 levels left

rFire   . . .      SeeInvis .    h - +0 dagger
rCold   . . .      Faith    .    (no shield)
rNeg    . . .      Spirit   .    a - +0 robe
rPois   .          Reflect  .    (no helmet)
rElec   .          Harm     .    (no cloak)
rCorr   .          Rampage  .    (no gloves)
Will    .....                    (no boots)
Stlth   ++                       (no amulet)
HPRegen 0.24/turn                c - ring of wizardry
MPRegen 0.10/turn                f - ring of wizardry

@: no status effects
A: powered by death 1, condensation shield
a: no special abilities


You were on level 2 of the Dungeon.
You visited 1 branch of the dungeon, and saw 2 of its levels.

You collected 95 gold pieces.

Inventory:

Hand Weapons
 h - a +0 dagger (weapon)
Armour
 a - a +0 robe (worn)
Jewellery
 c - a ring of wizardry (left hand)
 f - a ring of wizardry (right hand)
 g - a +6 ring of intelligence
Scrolls
 e - a scroll of fear {unknown}
 k - a scroll of immolation {unknown}
 l - a scroll of enchant weapon {unknown}
Potions
 b - a potion of magic
 d - a potion of heal wounds {unknown}
 i - 2 potions of brilliance {unknown}
 j - 3 potions of attraction {unknown}
 m - a potion of mutation {unknown}


   Skills:
 + Level 0.2 Fighting
 + Level 2.0 Dodging
 - Level 1.7 Stealth
 + Level 2.6 Spellcasting
 + Level 1.1 Conjurations
 + Level 3.3 Fire Magic


You had 4 spell levels left.
You knew the following spells:

 Your Spells              Type           Power      Damage    Failure   Level
a - Foxfire               Conj/Fire      40%        2x1d6     1%          1
b - Scorch                Fire           28%        2d6       1%          2

Your spell library contained the following spells:

 Spells                   Type           Power      Damage    Failure   Level
 Inner Flame              Hex/Fire       8%         N/A       7%          3
 Kindle Blastsparks       Fire/Tloc/Air  12%        2d11      9%          3
 Flame Wave               Conj/Fire      10%        2d6       17%         4


Dungeon Overview and Level Annotations

Branches:
Dungeon (2/15)

Altars:

Annotations:
D:2 Terence


Innate Abilities, Weirdness & Mutations

You regenerate a little health from kills.
A meltable shield of frost defends you. (SH +4)


Message History

Terence is heavily wounded.
The foxfire hits Terence.
Terence is heavily wounded.
You block Terence's attack. Terence attacks as you move away!
Terence misses you. Terence attacks as you move away!
Terence hits you with a +0 hand axe.
Casting: Foxfire (safe; 1% risk of failure)
Confirm with . or Enter, or press ? or * to list all spells.
You conjure some foxfire!
Terence misses you. Terence completely misses your foxfire.
The foxfire hits Terence but does no damage.
Terence is heavily wounded.
The foxfire hits Terence but does no damage.
Terence is heavily wounded.
Terence asks, "Do you want it fast or slow?"
Terence attacks as you move away! Terence closely misses you.
Terence attacks as you move away! Terence closely misses you.
Casting: Foxfire (safe; 1% risk of failure)
Confirm with . or Enter, or press ? or * to list all spells.
You conjure some foxfire!
Terence hits you with a +0 hand axe. Terence closely misses your foxfire. x2
You hit Terence but do no damage.
Terence is heavily wounded.
The foxfire hits Terence.
Terence is severely wounded.
The foxfire hits Terence.
Terence is severely wounded.
Terence hits you with a +0 hand axe!
You hit Terence but do no damage.
Terence is severely wounded.
Terence drinks a potion.
Terence is healed!
Terence misses you.
You see here a quokka corpse.
Terence hits you with a +0 hand axe!
There is a stone staircase leading up here.
Terence attacks as you move away! Terence barely misses you.
Terence attacks as you move away! Terence hits you with a +0 hand axe.
* * * LOW HITPOINT WARNING * * *
Terence attacks as you move away! Terence hits you with a +0 hand axe.
You die...

######## .......#
.......##############...
......†<.......@@.......
........############.#..
........### .....#
######....### .....#
#..........######.....##
#................)......
#..........######.......
####...................#
#....................


You could see Terence.

Vanquished Creatures
  3 dart slugs
  5 bats (D:1)
  3 endoplasms (D:1)
  2 giant cockroaches (D:1)
  4 goblins (D:1)
  2 hobgoblins (D:1)
  2 quokkas
  2 ball pythons (D:1)
  2 frilled lizards (D:1)
  2 kobolds (D:2)
  4 rats (D:1)
31 creatures vanquished.

Vanquished Creatures (others)
  112 foxfires
112 creatures vanquished.

Grand Total: 143 creatures vanquished

Notes
Turn   | Place    | Note
-------+----------+-------------------------------------------
     0 | D:1      | funkygono the Demonspawn Fire Elementalist began the quest
                  | for the Orb.
     0 | D:1      | Reached XP level 1. HP: 13/13 MP: 3/3
   251 | D:1      | Gained mutation: You regenerate a little health from kills.
                  | [demonic ancestry]
   251 | D:1      | Reached XP level 2. HP: 19/19 MP: 1/5
   254 | D:1      | Learned a level 2 spell: Scorch
   519 | D:1      | Reached skill level 3 in Fire Magic
  1377 | D:1      | Gained mutation: A meltable shield of frost defends you.
                  | (SH +4) [demonic ancestry]
  1377 | D:1      | Reached XP level 3. HP: 24/24 MP: 0/6
  1701 | D:2      | Noticed Terence
  1952 | D:2      | Slain by Terence

Illustrated notes

Levels and vault maps discovered:
D:1:      dpeg_arrival_three_same_balls, layout_basic,
          chequers_serial_rivers_small_b, minmay_misc_feat_ornament,
          minmay_pentomino_t4
D:2:      layout_rooms, minmay_quadrilaterals, uniq_terence,
          uniq_crazy_yiuf_cottage, uniq_natasha

Skill      XL: |  1  2 |
---------------+-------+-----
Dodging        | 2 |  2.0
Fire Magic     | 3 |  3.3
Fighting       | |  0.2
Stealth        | |  1.7
Spellcasting   | |  2.6
Conjurations   | |  1.1

Action                   || total
-------------------------++-------
Melee: Dagger            ||     4
 Cast: Foxfire           ||    64
       Scorch            ||     4
Armor: Robe              ||     3
Dodge: Dodged            ||    14
Block: Other             ||     2

Table legend: (Time is in decaauts)
 A = Elapsed time spent in this place.
 B = Non-inter-level travel time spent in this place.
 C = Inter-level travel time spent in this place.
 D = Time resting spent in this place.
 E = Time spent auto-exploring this place.
 F = Levels seen in this place.
 G = Mean time per level.
                   A        B        C        D        E       F      G
               +--------+--------+--------+--------+--------+-----+--------+
         Total |   1950 |   1918 |     32 |      0 |   1582 |   2 |  975.0 |
       Dungeon |   1950 |   1918 |     32 |      0 |   1582 |   2 |  975.0 |
               +--------+--------+--------+--------+--------+-----+--------+

Top non-repeatable levels by time:
     D:1: 1837 daAuts
     D:2: 113 daAuts
